 Dungeon Crawl Stone Soup version 0.24.1-8-ga250c9d538 (webtiles) character file.

Game seed: 16020561593192562008, levelgen mode: deterministic

272 Peloso the Slasher (level 6, -1/47 HPs)
             Began as a Demonspawn Fighter on May 8, 2020.
             Slain by an ogre
             ... wielding a +0 giant club
              (8 damage)
             ... on level 3 of the Dungeon.
             The game lasted 00:04:35 (1587 turns).

Peloso the Slasher (Demonspawn Fighter)             Turns: 1587, Time: 00:04:36

Health: -1/47      AC: 12    Str: 18    XL:     6   Next: 2%
Magic:  6/6        EV:  7    Int: 10    God:
Gold:   27         SH:  9    Dex: 12    Spells: 5/5 levels left

rFire    + + .     SeeInvis .   a - +0 long sword
rCold    . . .     Gourm    .   c - +0 shield
rNeg     . . .     Faith    .   e - +0 fire dragon scales
rPois    .         Spirit   .   (no helmet)
rElec    .         Reflect  .   (no cloak)
rCorr    .         Harm     .   (no gloves)
MR       .....                  (no boots)
Stlth    ..........             l - amulet of magic regeneration
HPRegen  0.15/turn              h - ring of protection from cold
MPRegen  0.35/turn              (no ring)

@: no status effects
A: icy blue scales 2, powered by death 1, rot immunity
a: no special abilities


You were on level 3 of the Dungeon.
You were not hungry.

You visited 1 branch of the dungeon, and saw 3 of its levels.

You collected 27 gold pieces.

Inventory:

Hand Weapons
 a - a +0 long sword (weapon)
 b - a +0 hand axe of chopping
Armour
 c - a +0 shield (worn)
 e - +0 fire dragon scales (worn)
Jewellery
 h - a ring of protection from cold (left hand)
 l - an amulet of magic regeneration (around neck)
Wands
 v - a wand of random effects (15)
Scrolls
 g - 3 scrolls of magic mapping {unknown}
 k - a scroll of remove curse {unknown}
 m - 7 scrolls of identify {unknown}
 o - a scroll of teleportation {unknown}
 p - a scroll of fog {unknown}
 t - a scroll of immolation {unknown}
 u - a scroll of enchant weapon {unknown}
Potions
 d - 4 potions of might
 i - a potion of haste {unknown}
 j - a potion of magic {unknown}
 n - a potion of degeneration {unknown}
 q - a potion of flight {unknown}
 r - 2 potions of heal wounds {unknown}
 s - 2 potions of lignification {unknown}
Comestibles
 f - 4 rations


   Skills:
 + Level 3.4 Fighting
 + Level 4.2 Long Blades
 + Level 3.2 Armour
 + Level 1.2 Dodging
 + Level 3.7 Shields


You had 5 spell levels left.
You didn't know any spells.
Your spell library was empty.

Dungeon Overview and Level Annotations

Branches:
Dungeon (3/15)

Altars:
Uskayaw
Vehumet


Innate Abilities, Weirdness & Mutations

You are mostly covered in icy blue scales. (AC +3)
You regenerate a little health from kills.
You are immune to rotting.


Message History

The orc hits you but does no damage.
The ogre shouts!
You hit the orc.
The orc is severely wounded.
You block the orc's attack.
You completely miss the orc.
The orc is severely wounded.
The orc hits you but does no damage.
You hit the orc.
You kill the orc!
The ogre hits you but does no damage.
You barely miss the ogre. The ogre barely misses you.
You hit the ogre but do no damage. The ogre hits you with a +0 giant club!
You barely miss the ogre. You block the ogre's attack.
You completely miss the ogre. The ogre closely misses you.
You barely miss the ogre. The ogre hits you with a +0 giant club!
* * * LOW HITPOINT WARNING * * *
You closely miss the ogre. The ogre closely misses you.
You hit the ogre but do no damage. The ogre hits you with a +0 giant club!
You die...

###########
..........
.........
........#
########@#
........O#
###.....#
#.....# ##'##.#
#.##... #.####.#
##'####.#
..######.......+


You could see an ogre.

Vanquished Creatures
  Sigmund (D:3)
  4 gnolls (D:2)
  2 adders (D:2)
  A worm (D:3)
  2 leopard geckos
  An orc (D:3)
  8 bats
  A giant cockroach (D:2)
  6 goblins
  6 hobgoblins
  7 jackals (D:1)
  9 kobolds
  2 quokkas (D:2)
  A ball python (D:1)
  3 frilled lizards (D:1)
  3 rats
57 creatures vanquished.

Notes
Turn   | Place    | Note
-------+----------+-------------------------------------------
     0 | D:1      | Peloso the Demonspawn Fighter began the quest for the Orb.
     0 | D:1      | Reached XP level 1. HP: 18/18 MP: 1/1
   165 | D:1      | Gained mutation: You are partially covered in icy blue
                  | scales. (AC +2) [demonic ancestry]
   165 | D:1      | Reached XP level 2. HP: 16/24 MP: 2/2
   323 | D:1      | Reached skill level 2 in Long Blades
   595 | D:1      | Gained mutation: You regenerate a little health from kills.
                  | [demonic ancestry]
   595 | D:1      | Reached XP level 3. HP: 29/29 MP: 3/3
   972 | D:2      | Gained mutation: You are mostly covered in icy blue scales.
                  | (AC +3) [demonic ancestry]
   972 | D:2      | Reached XP level 4. HP: 32/35 MP: 4/4
  1119 | D:2      | Reached skill level 3 in Long Blades
  1397 | D:3      | Reached skill level 1 in Dodging
  1439 | D:3      | Found a hide-covered altar of Uskayaw.
  1472 | D:3      | Noticed Sigmund
  1531 | D:3      | Killed Sigmund
  1531 | D:3      | Reached skill level 4 in Long Blades
  1531 | D:3      | Reached XP level 5. HP: 19/41 MP: 5/5
  1531 | D:3      | Gained mutation: You are immune to rotting. [demonic
                  | ancestry]
  1531 | D:3      | Reached XP level 6. HP: 22/47 MP: 6/6
  1553 | D:3      | Found a radiant altar of Vehumet.
  1587 | D:3      | Slain by an ogre

Levels and vault maps discovered:
D:1:      minmay_arrival_doors, layout_basic
D:2:      layout_basic, minivault_11, minmay_box_of_dots
D:3:      layout_basic, eat_drink_and_be_merry_uskayaw, fiery_altar_vehumet,
          elyvilon_altar_3, first_ration, chequers_ecumenical_altar_island,
          grunt_decor_clamped, uniq_terence, uniq_grinder, uniq_sigmund

Skill      XL: |  1  2  3  4 |
---------------+-------------+-----
Shields        | 3 |  3.7
Long Blades    | 2 4 |  4.2
Armour         | 3 |  3.2
Dodging        | 1 |  1.2
Fighting       | |  3.4

Action                   |  1- 3 |  4- 6 || total
-------------------------+-------+-------++-------
Melee: Long sword        |   152 |    76 ||   228
  Eat: Ration            |       |     1 ||     1
Armor: Fire dragon scale |   116 |    43 ||   159
       Scale mail        |    31 |       ||    31
Dodge: Dodged            |    61 |    29 ||    90
Block: Shield            |   118 |    34 ||   152
       Rpst.: Long sword |    19 |    10 ||    29
